 Dungeon Crawl Stone Soup version 0.30-a0-368-g86fb4627a9 (webtiles) character file.

Game seed: 14431461751631686410

10 oldriver the Grave Robber (level 2, 0/21 HPs)
             Began as a Mummy Necromancer on Nov 19, 2022.
             Slain by a hobgoblin (4 damage)
             ... on level 1 of the Dungeon.
             The game lasted 00:00:26 (190 turns).

oldriver the Grave Robber (Mummy Necromancer)        Turns: 190, Time: 00:00:27

Health: 0/21       AC:  2    Str: 11    XL:     2   Next: 10%
Magic:  0/6        EV: 12    Int: 14    God:
Gold:   28         SH:  0    Dex: 12    Spells: 6/7 levels left

rFire   x . .      SeeInvis .    (no weapon)
rCold   + . .      Faith    +    (no shield)
rNeg    + + +      Spirit   .    a - +0 robe
rPois   ∞          Reflect  .    (no helmet)
rElec   .          Harm     .    (no cloak)
rCorr   .          Rampage  .    (no gloves)
Will    .....                    (no boots)
Stlth   ++........               (no amulet)
HPRegen 0.23/turn                (no ring)
MPRegen 0.10/turn                (no ring)

@: no status effects
A: cold resistance 1, negative energy resistance 3, torment resistance 2, heat
vulnerability 1, no potions, faith
a: no special abilities


You were on level 1 of the Dungeon.
You visited 1 branch of the dungeon, and saw 1 of its levels.

You collected 28 gold pieces.

Inventory:

Armour
 a - a +0 robe (worn)


   Skills:
 + Level 1.1 Fighting
 - Level 1.5 Dodging
 - Level 1.5 Stealth
 + Level 3.2 Spellcasting
 - Level 4.0 Necromancy


You had 6 spell levels left.
You knew the following spells:

 Your Spells              Type           Power      Damage    Failure   Level
a - Necrotise             Necr           52%        1d6       4%          1

Your spell library contained the following spells:

 Spells                   Type           Power      Damage    Failure   Level
 Vampiric Draining        Necr           13%        2d6       12%         3
 Animate Dead             Necr           13%        N/A       38%         4
 Agony                    Necr           13%        N/A       75%         5


Dungeon Overview and Level Annotations

Branches:
Dungeon (1/15)

Altars:


Innate Abilities, Weirdness & Mutations

You are immune to poison.
Your flesh is cold resistant. (rC+)
You are immune to negative energy. (rN+++)
You are immune to unholy pain and torment.
You are vulnerable to heat. (rF-)
You do not drink.
You have a special connection with the divine. (Faith)


Message History

The jackal barely misses you.
You hit the jackal.
You kill the jackal!
Your jackal skeleton bites the hobgoblin but does no damage.
The hobgoblin barely misses you.
Casting: Necrotise (safe; 4% risk of failure)
Confirm with . or Enter, or press ? or * to list all spells.
Aiming: Necrotise (safe; 4% risk of failure)
Press: ? - help, Shift-Dir - straight line, f - hobgoblin
Aim: a hobgoblin (moderately wounded, ally target, chance to affect: 83%)
The hobgoblin barely resists.
Your jackal skeleton barely misses the hobgoblin.
The hobgoblin closely misses you.
Unknown command.
Casting: Necrotise (safe; 4% risk of failure)
Confirm with . or Enter, or press ? or * to list all spells.
You don't have enough magic to cast this spell.
Unknown command.
You barely miss the hobgoblin.
The hobgoblin is moderately wounded.
Your jackal skeleton bites the hobgoblin but does no damage.
The hobgoblin closely misses you.
You closely miss the hobgoblin.
The hobgoblin is moderately wounded.
Your jackal skeleton bites the hobgoblin but does no damage.
The hobgoblin barely misses you.
You hit the hobgoblin but do no damage.
The hobgoblin is moderately wounded.
Your jackal skeleton misses the hobgoblin.
The hobgoblin misses you.
Your jackal skeleton closely misses the hobgoblin.
You hit the hobgoblin but do no damage.
The hobgoblin is moderately wounded.
Your jackal skeleton misses the hobgoblin.
The hobgoblin completely misses you.
You barely miss the hobgoblin.
The hobgoblin is moderately wounded.
Your jackal skeleton bites the hobgoblin but does no damage.
The hobgoblin hits you.
You die...

# #. #. #.# #.h ....
.##..########## ### ###..#
..............# #.# ###.#..# .#
###.###.##.#..####.# #......##
.# # #.#.....Z.@..###.###...##.#
.###........g....>..# #....#.#
..........###########.###..).#.#
###.#####........(..........)#.#
# #.....#########[##......
#........ #.##....#. #.....###
#.##..#... #.....# #.##..##.#
###.### #........#


You could see a hobgoblin (ally target) and a friendly jackal skeleton.

Vanquished Creatures
  A giant cockroach (D:1)
  A hobgoblin (D:1)
  3 jackals (D:1)
  A ball python (D:1)
  A bat (D:1)
  A goblin (D:1)
  A kobold (D:1)
  A rat (D:1)
10 creatures vanquished.

Notes
Turn   | Place    | Note
-------+----------+-------------------------------------------
     0 | D:1      | oldriver the Mummy Necromancer began the quest for the Orb.
     0 | D:1      | Reached XP level 1. HP: 13/13 MP: 4/4
   154 | D:1      | Reached skill level 1 in Fighting
   179 | D:1      | Reached XP level 2. HP: 1/21 MP: 0/6
   190 | D:1      | Slain by a hobgoblin

Illustrated notes

Levels and vault maps discovered:
D:1:      dpeg_arrival_fog, layout_loops_ring, minmay_misc_feat_rugged

Skill      XL: |  1 |
---------------+----+-----
Spellcasting   | 3 |  3.2
Fighting       | 1 |  1.1
Dodging        | |  1.5
Stealth        | |  1.5
Necromancy     | |  4.0

Action                   || total
-------------------------++-------
Melee: Unarmed           ||    24
 Cast: Necrotise         ||    15
Armor: Robe              ||     8
Dodge: Dodged            ||    31

Table legend: (Time is in decaauts)
 A = Elapsed time spent in this place.
 B = Non-inter-level travel time spent in this place.
 C = Inter-level travel time spent in this place.
 D = Time resting spent in this place.
 E = Time spent auto-exploring this place.
 F = Levels seen in this place.
 G = Mean time per level.
                   A        B        C        D        E       F      G
               +--------+--------+--------+--------+--------+-----+--------+
         Total |    190 |    190 |      0 |      0 |    118 |   1 |  190.0 |
       Dungeon |    190 |    190 |      0 |      0 |    118 |   1 |  190.0 |
               +--------+--------+--------+--------+--------+-----+--------+

Top non-repeatable levels by time:
     D:1: 190 daAuts
